 Dungeon Crawl Stone Soup version 0.25.1-2-g60ff931df9 (webtiles) character file.

Game seed: 742669260340589700

33215 sugarjunky the Fighter (level 13, -12/146 HPs)
             Began as an Ogre Berserker on Nov 12, 2020.
             Was a Priest of Trog.
             Killed from afar by an ogre mage (21 damage)
             ... with a bolt of fire
             ... on level 13 of the Dungeon on Nov 13, 2020.
             The game lasted 04:40:44 (21690 turns).

sugarjunky the Fighter (Ogre Berserker)            Turns: 21690, Time: 04:40:45

Health: -12/146    AC: 16    Str: 35    XL:     13   Next: 69%
Magic:  13/13      EV: 11    Int:  8    God:    Trog [***...]
Gold:   1050       SH: 11    Dex: 11    Spells: 12/12 levels left

rFire    . . .     SeeInvis .   L - +8 hand axe "Izugruy" {vorpal, *Corrode MR++ Str+4}
rCold    . . .     Gourm    .   a - +0 kite shield
rNeg     . . .     Faith    .   K - +1 troll leather armour
rPois    .         Spirit   .   T - +2 hat
rElec    .         Reflect  .   I - +2 cloak {MR+}
rCorr    .         Harm     .   (gloves unavailable)
MR       ++++.                  (boots unavailable)
Stlth    +.........             u - amulet of regeneration
HPRegen  1.14/turn              C - +4 ring of protection
MPRegen  0.13/turn              o - +6 ring of strength

@: berserk cooldown, hasted and slowed
A: large, unfitting armour, tough skin 1
a: Berserk, Trog's Hand, Renounce Religion


You were on level 13 of the Dungeon.
You worshipped Trog.
Trog was most pleased with you.
You were near starving.

You visited 3 branches of the dungeon, and saw 18 of its levels.

You collected 1159 gold pieces.
You spent 109 gold pieces at shops.

Inventory:

Hand Weapons
 d - a +4 whip of freezing
 j - a +4 short sword of freezing
 H - a +1 dagger of venom
 L - the +8 hand axe "Izugruy" (weapon) {vorpal, *Corrode MR++ Str+4}
   (You found it on level 10 of the Dungeon)

   It inflicts extra damage upon your enemies.
   It affects your strength (+4).
   It affects your resistance to hostile enchantments.
   It may corrode you when you take damage.
 P - a +0 dire flail of draining
 Y - a +0 giant spiked club
Missiles
 e - 309 stones
 s - 34 poisoned darts
 Z - 6 large rocks (quivered)
Armour
 a - a +0 kite shield (worn)
 I - a +2 cloak of magic resistance (worn)
 K - a +1 troll leather armour (worn)
 T - a +2 hat (worn)
Jewellery
 i - an uncursed ring of see invisible
 o - a +6 ring of strength (right hand)
 u - an amulet of regeneration (around neck)
 C - a +4 ring of protection (left hand)
 F - an uncursed ring of poison resistance
 Q - an uncursed ring of protection from cold
 U - an uncursed ring of ice
Wands
 p - a wand of polymorph (9)
 q - a wand of acid (9)
 x - a wand of flame (9)
 E - a wand of random effects (52)
 J - a wand of digging (5)
 S - a wand of enslavement (11)
Scrolls
 b - a scroll of blinking {unknown}
 f - 9 scrolls of remove curse
 g - 5 scrolls of fear
 k - a scroll of vulnerability {unknown}
 m - 6 scrolls of teleportation
 w - a scroll of fog {unknown}
 y - a scroll of torment {unknown}
 z - a scroll of enchant weapon
 A - 3 scrolls of immolation
 M - a scroll of magic mapping
 N - a scroll of acquirement {unknown}
Potions
 c - 3 potions of lignification
 h - 3 potions of magic
 l - 5 potions of curing
 r - 2 potions of stabbing {unknown}
 t - 5 potions of mutation
 B - 2 potions of haste
 G - a potion of cancellation {unknown}
 O - a potion of might
 V - a potion of brilliance {unknown}
Miscellaneous
 R - a phial of floods
Comestibles
 v - 7 chunks of flesh
 D - 7 rations


   Skills:
 + Level 14.1 Fighting
 - Level 11.6(14.0) Axes
 - Level 12.1(13.6) Maces & Flails
 - Level 4.5 Armour
 + Level 6.4 Dodging
 + Level 5.8 Shields


You had 12 spell levels left.
You didn't know any spells.
Your spell library contained the following spells:

 Spells                   Type           Power        Failure   Level  Hunger
 Beastly Appendage        Tmut           #.....       67%         1    ##.....
 Sticks to Snakes         Tmut           #.......     80%         2    ###....
 Spider Form              Tmut/Pois      #.........   95%         3    ####...
 Ice Form                 Ice/Tmut       #.......     100%        4    #####..
 Blade Hands              Tmut           #.........   100%        5    ######.


Dungeon Overview and Level Annotations

Branches:
Dungeon (13/15)            Temple (1/1) D:7            Lair (4/6) D:10
 Shoals (0/4) Lair:3       Spider (0/4) Lair:3          Orc (0/2) D:9
 Vaults: D:13-14

Altars:
Ashenzari
Cheibriados
Dithmenos
Elyvilon
Fedhas
Gozag
Hepliaklqana
Kikubaaqudgha
Makhleb
Nemelex Xobeh
Okawaru
Qazlal
Ru
Sif Muna
Trog
Uskayaw
Vehumet
Wu Jian
Xom
Yredelemnul
Zin
The Shining One

Shops:
D:7 *   D:12 *

Annotations:
D:8 2 transporters, TangoThomas's ghost, novice MfGl
D:11 3 runed translucent doors, Ebobla's ghost, journeyman DsFi
Lair:1 1 runed translucent door


Innate Abilities, Weirdness & Mutations

You are too large for most types of armour.
You have tough skin. (AC +1)


Message History

You feel better.
The ogre mage hits you but does no damage.
You feel better.
The death knight hits you with a +4 glaive!!
* * * LOW HITPOINT WARNING * * *
The ogre mage barely misses you.
You hit the ogre mage.
The ogre mage is moderately wounded.
You hit the death knight. You block the death knight's attack.
You hit the ogre mage.
The ogre mage is heavily wounded.
You closely miss the death knight. You block the ogre mage's attack.
You barely miss the ogre mage.
The ogre mage is heavily wounded.
You hit the death knight.
The death knight hits you with a +4 glaive!!
* * * LOW HITPOINT WARNING * * *
The ogre mage gestures at you while chanting.
The bolt of fire hits you!!
You die...

####.#### #.......... #
#.......#..#####....#
#.#.......#..#...#....#
#.#.......#..#...'....#
.....8..... #...#....#
#.......# #...#....# ##.
#..pO...#.##+###....#
?..#..)†)..#............
#.####@####...........?
#.....(................
#....)#(...............
###....†##+############).
.......).+........+ .#).
.##.....##........# .#..
#.....##....##..# ..#..
#...........###'##..#..
#.....##....##......#..


You could see a death knight and an ogre mage.

Vanquished Creatures
  Gastronok (Lair:2)
  Fannar (D:11)
  A centaur warrior (D:13)
  5 hydras
  A death knight (D:12)
  4 two-headed ogres
  Nergalle (Lair:2)
  2 unseen horrors
  A deep elf mage (D:12)
  An ugly thing (D:12)
  2 cyclopes (D:12)
  2 manticores
  Maurice (D:9)
  A merfolk siren (Lair:3)
  A black mamba (Lair:2)
  A gargoyle (D:13)
  3 spiny frogs
  Maggie (Lair:2)
  A kobold demonologist (D:13)
  4 komodo dragons
  A demonic crawler (Lair:2)
  An efreet (D:13)
  5 trolls
  3 hornets
  A jumping spider (Lair:3)
  A meliai (D:13)
  5 blink frogs (Lair:4)
  Grinder (D:6)
  6 hippogriffs
  A spriggan (D:7)
  A yak (Lair:1)
  4 wyverns
  A shadow (D:13)
  2 hungry ghosts (D:10)
  4 basilisks
  4 vampire mosquitoes
  3 swamp worms (Lair:2)
  8 water moccasins
  3 porcupines
  4 orc warriors
  A swamp drake (D:10)
  7 ice beasts
  2 phantoms
  10 ogres
  3 sky beasts
  12 crocodiles
  5 centaurs
  14 bullfrogs
  3 big kobolds
  4 scorpions
  4 killer bees (D:12)
  13 wights
  4 howler monkeys
  4 bullfrog zombies
  3 centaur zombies
  4 crimson imps
  2 jellies
  A quasit (D:6)
  4 bullfrog skeletons
  6 orc priests
  8 hounds
  A gnoll shaman (D:5)
  14 orc wizards
  4 iguanas
  6 worker ants
  A killer bee zombie (D:9)
  A hound zombie (D:6)
  2 hound skeletons
  A howler monkey zombie (D:7)
  A worker ant zombie (D:6)
  11 adders
  9 gnolls
  3 shadow imps
  3 oozes
  2 adder skeletons
  3 worms
  3 dart slugs
  10 leopard geckos
  63 orcs
  6 giant cockroaches
  8 goblins
  10 hobgoblins
  10 jackals
  22 kobolds
  3 quokkas
  3 ball pythons
  A ball python zombie (D:3)
  12 bats
  4 frilled lizards
  A giant cockroach zombie (D:6)
  A leopard gecko skeleton (D:5)
  A leopard gecko zombie (D:8)
  A quokka skeleton (D:9)
  11 rats
  3 fungi
443 creatures vanquished.

Vanquished Creatures (others)
  A jackal skeleton (D:4)
  A fungus (Lair:3)
  4 plants (Lair:2)
  6 toadstools (Lair:1)
12 creatures vanquished.

Grand Total: 455 creatures vanquished

Notes
Turn   | Place    | Note
-------+----------+-------------------------------------------
     0 | D:1      | sugarjunky the Ogre Berserker began the quest for the Orb.
     0 | D:1      | Reached XP level 1. HP: 24/24 MP: 1/1
   200 | D:1      | Reached skill level 1 in Maces & Flails
   200 | D:1      | Reached XP level 2. HP: 32/32 MP: 2/2
   733 | D:1      | Reached XP level 3. HP: 39/39 MP: 3/3
  1424 | D:2      | Reached ** piety under Trog
  1723 | D:2      | Reached XP level 4. HP: 45/48 MP: 4/4
  1979 | D:2      | Found a faded altar of an unknown god.
  2409 | D:3      | Found a sacrificial altar of Ru.
  2579 | D:3      | Found a glowing drain.
  2596 | D:3      | Reached XP level 5. HP: 53/54 MP: 5/5
  2662 | D:3      | Found an ancient bone altar of Kikubaaqudgha.
  3068 | D:3      | Reached *** piety under Trog
  3667 | D:4      | Reached skill level 5 in Maces & Flails
  3667 | D:4      | Reached XP level 6. HP: 62/62 MP: 6/6
  4125 | D:4      | Reached skill level 1 in Shields
  4720 | D:4      | Found an opulent altar of Gozag.
  4766 | D:5      | Entered Level 5 of the Dungeon
  4851 | D:5      | Reached XP level 7. HP: 71/71 MP: 7/7
  4982 | D:5      | Reached skill level 5 in Fighting
  5422 | D:5      | Found a shimmering altar of Xom.
  5565 | D:5      | Found an iron altar of Okawaru.
  5718 | D:5      | Reached skill level 6 in Fighting
  5908 | D:5      | Reached XP level 8. HP: 83/83 MP: 8/8
  6296 | D:5      | Reached skill level 7 in Fighting
  7089 | D:6      | Noticed Grinder
  7099 | D:6      | Killed Grinder
  7324 | D:6      | Reached skill level 8 in Fighting
  7402 | D:6      | Reached XP level 9. HP: 96/96 MP: 9/9
  7761 | D:6      | Found a shimmering blue altar of Sif Muna.
  8393 | D:7      | Found a staircase to the Ecumenical Temple.
  8406 | D:7      | Reached skill level 9 in Fighting
  8426 | Temple   | Entered the Ecumenical Temple
  8627 | D:7      | Found Naufraado's Assorted Antiques.
  8642 | D:7      | Bought a scroll of magic mapping for 91 gold pieces
  9617 | D:8      | Reached skill level 10 in Fighting
  9962 | D:8      | Found a transporter.
  9965 | D:8      | Noticed TangoThomas's ghost (novice MfGl)
 10053 | D:8      | Reached XP level 10. HP: 110/110 MP: 10/10
 10267 | D:8      | Reached skill level 10 in Maces & Flails
 10865 | D:8      | Noticed a manticore
 10875 | D:8      | Killed a manticore
 11002 | D:8      | Found a transporter.
 11033 | D:9      | Found a sparkling altar of Nemelex Xobeh.
 11741 | D:9      | Noticed Maurice
 11762 | D:9      | Killed Maurice
 11914 | D:9      | Reached skill level 11 in Fighting
 12093 | D:9      | Noticed a two-headed ogre
 12102 | D:9      | Killed a two-headed ogre
 12496 | D:9      | Reached XP level 11. HP: 83/120 MP: 11/11
 12682 | D:9      | Found a staircase to the Orcish Mines.
 12847 | D:10     | Entered Level 10 of the Dungeon
 12857 | D:10     | Noticed an unseen horror
 12881 | D:10     | Killed an unseen horror
 13703 | D:10     | Reached skill level 5 in Dodging
 13787 | D:10     | Found a staircase to the Lair.
 13893 | D:10     | Reached skill level 12 in Fighting
 14035 | D:10     | Noticed a two-headed ogre
 14038 | D:10     | Killed a two-headed ogre
 14048 | D:10     | Got a jewelled hand axe
 14339 | D:10     | Identified the +8 hand axe "Izugruy" {vorpal, *Corrode MR++
                  | Str+4} (You found it on level 10 of the Dungeon)
 14343 | Lair:1   | Entered Level 1 of the Lair of Beasts
 14608 | Lair:1   | Noticed a lindwurm
 14608 | Lair:1   | Noticed a catoblepas
 14629 | Lair:1   | Found a runed translucent door.
 15354 | Lair:2   | Reached skill level 5 in Axes
 15566 | Lair:2   | Noticed Nergalle
 15576 | Lair:2   | Killed Nergalle
 15727 | Lair:2   | Reached XP level 12. HP: 107/132 MP: 12/12
 16057 | Lair:2   | Noticed Gastronok
 16102 | Lair:2   | Killed Gastronok
 16338 | Lair:2   | Noticed Maggie
 16350 | Lair:2   | Killed Maggie
 16405 | Lair:2   | Noticed a five-headed hydra
 16414 | Lair:2   | Killed a nine-headed hydra
 16877 | Lair:3   | Found a hole to the Spider Nest.
 17087 | Lair:3   | Reached skill level 10 in Axes
 17475 | Lair:3   | Noticed a seven-headed hydra
 17488 | Lair:3   | Killed a 13-headed hydra
 17624 | Lair:3   | Found a staircase to the Shoals.
 17993 | Lair:4   | Noticed a four-headed hydra
 18010 | Lair:4   | Killed a 14-headed hydra
 18128 | Lair:4   | Reached skill level 1 in Armour
 18319 | Lair:4   | Noticed a four-headed hydra
 18353 | Lair:4   | Killed a 13-headed hydra
 18595 | Lair:4   | Reached XP level 13. HP: 141/141 MP: 13/13
 19450 | D:11     | Noticed Fannar
 19480 | D:11     | Killed Fannar
 19480 | D:11     | Reached skill level 13 in Fighting
 19689 | D:11     | Noticed Ebobla's ghost (journeyman DsFi)
 19712 | D:11     | Noticed a minotaur
 19736 | D:11     | Found a runed translucent gate.
 19736 | D:11     | Found a runed translucent gate.
 19738 | D:11     | Found a runed translucent gate.
 20455 | D:12     | Found Omac's General Store.
 20511 | D:12     | Bought 3 boomerangs for 18 gold pieces
 20593 | D:12     | Reached skill level 5 in Shields
 21669 | D:13     | Reached skill level 14 in Fighting
 21690 | D:13     | Killed from afar by an ogre mage

Illustrated notes

Levels and vault maps discovered:
D:1:      lemuel_arrival_lava_pool, layout_loops_corners,
          chequers_serial_rivers_small_a, minmay_fountain_box,
          grunt_decor_one_mirror, grunt_decor_arrowhead, nrook_campfire
D:2:      kennysheep_six_static_rooms, layout_basic,
          chequers_ecumenical_altar_simple_redux, minmay_octomino_j4
D:3:      layout_basic, nicolae_ru_sacrificial_ziggurat,
          nicolae_overflow_crystal_walls, portal_sewer_entry_f,
          grunt_ministairs_10, cheibrodos_gnoll_hut
D:4:      layout_loops_cross, marbit_many_paths, serial_glass, glass_columns_a,
          glass_columns_a, glass_columns_a, glass_columns_a
D:5:      layout_cave_pods, xom_butterflies, first_ration, okawaru_trees_1
D:6:      cheibrodos_thug_alley, layout_basic, lemuel_doored_altar,
          minivault_11, kennysheep_another_room, uniq_grinder
D:7:      layout_loops_ring, temple_pool_b, serial_shops, shop, the_bakery
D:8:      layout_loops_corners, gammafunk_ghost_stat_death
D:9:      layout_rooms, nemelex_xobeh_ov_fountains_minmay, hiddenorc1_lemuel,
          kennysheep_potato, uniq_maurice
D:10:     layout_roguey, erik_lair_dragon, grunt_decor_cap
D:11:     layout_rooms, maelrawn_ghost_gauntlet_escape, uniq_fannar
D:12:     layout_gridville, serial_shops, nicolae_shop_trees
D:13:     layout_gridville, lightli_vaults_fourway_checkpoint, minivault_28
Temple:   regret_index_temple_sphere_string
Lair:1:   gammafunk_lair_enchanted_lake, layout_regular_city, st_stairs_11
Lair:2:   layout_cave_pods, worms_lemuel, grunt_megastairs_4, uniq_gastronok,
          uniq_maggie, uniq_nergalle
Lair:3:   layout_regular_city, minmay_shoals_entry_lonely_mermaid,
          spider_nest_entry_a, grunt_megastairs_3, lemuel_fruit_fields,
          serial_bayou_shore_b
Lair:4:   layout_hall_layers

Skill      XL: |  1  2  3  4  5  6  7  8  9 10 11 12 13 |
---------------+----------------------------------------+-----
Maces & Flails | 1 2 3 5 6 7 9 11 12 | 12.1
Shields        | 1 2 3 4 5 |  5.8
Fighting       | 6 8 10 11 12 14 | 14.1
Dodging        | 3 4 5 6 |  6.4
Axes           | 7 11 | 11.6
Armour         | 2 4 |  4.5

Action                   |  1- 3 |  4- 6 |  7- 9 | 10-12 | 13-15 || total
-------------------------+-------+-------+-------+-------+-------++-------
Melee: Hand axe          |     7 |       |       |   252 |   207 ||   466
       Whip              |    91 |   198 |   241 |       |       ||   530
       Giant club        |       |       |    65 |   323 |       ||   388
Throw: Stone             |    20 |    46 |    91 |   258 |    22 ||   437
       Boomerang         |       |       |    27 |       |       ||    27
       Dart              |       |       |       |     5 |       ||     5
       Large rock        |       |       |       |       |    18 ||    18
Invok: Berserk           |     1 |     6 |    22 |    24 |    11 ||    64
       Trog's Hand       |       |     6 |    29 |    31 |     9 ||    75
Evoke: Wand              |       |       |       |    40 |     5 ||    45
  Use: Scroll            |     1 |     7 |     7 |     8 |     5 ||    28
       Potion            |       |     1 |     1 |       |     8 ||    10
 Stab: Sleeping          |     1 |       |       |       |       ||     1
       Paralysed         |       |       |       |     8 |       ||     8
  Eat: Ration            |     1 |     3 |     9 |    11 |     3 ||    27
       Chunk             |       |     6 |    18 |    30 |    10 ||    64
Armor: Animal skin       |    28 |    33 |    21 |    67 |       ||   149
       Troll leather arm |       |       |       |    63 |    53 ||   116
       Steam dragon scal |       |       |       |     4 |       ||     4
Dodge: Dodged            |    38 |    54 |    57 |   253 |    63 ||   465
Block: Kite shield       |       |    23 |    68 |       |    50 ||   141
